 Dungeon Crawl Stone Soup version 0.26-a0-652-gafc20e3620 (webtiles) character file.

Game seed: 1363744471542240035

114 ringo67 the Insei (level 4, -1/29 HPs)
             Began as an Octopode Transmuter on Oct 4, 2020.
             Slain by a worker ant (2 damage)
             ... on level 2 of the Dungeon.
             The game lasted 00:04:47 (3200 turns).

ringo67 the Insei (Octopode Transmuter)             Turns: 3200, Time: 00:04:48

Health: -1/29      AC:  1    Str:  8 (10) XL:     4   Next: 97%
Magic:  7/7        EV: 13    Int: 13 (15) God:
Gold:   46         SH:  0    Dex:  9 (12) Spells: 6/7 levels left

rFire    . . .     SeeInvis .     - Unarmed
rCold    . . .     Faith    .   (no shield)
rNeg     . . .     Spirit   .   (helmet restricted)
rPois    .         Reflect  .   (no amulet)
rElec    .         Harm     .   (no ring)
rCorr    .         Rampage  .   (no ring)
MR       .....                  (no ring)
Stlth    ++........             (no ring)
HPRegen  0.09/turn              (no ring)
MPRegen  0.10/turn              (no ring)
                                (no ring)
                                (no ring)

@: lethally poisoned (-1 -> -12)
A: almost no armour, stealthy swim, amphibious, 8 rings, constrict 8, camouflage
1, gelatinous body 1
a: no special abilities


You were on level 2 of the Dungeon.
You visited 1 branch of the dungeon, and saw 2 of its levels.

You collected 46 gold pieces.

Inventory:

Missiles
 f - 14 poisoned darts (quivered)
Scrolls
 a - 3 scrolls of magic mapping {unknown}
 c - 2 scrolls of blinking {unknown}
 g - 3 scrolls of teleportation {unknown}
 h - 2 scrolls of identify {unknown}
 j - a scroll of enchant armour {unknown}
Potions
 b - a potion of might {unknown}
 d - a potion of degeneration
 e - a potion of cancellation {unknown}
 i - a potion of curing {unknown}


   Skills:
 + Level 2.3 Fighting
 - Level 2.0 Dodging
 * Level 4.4 Unarmed Combat
 - Level 2.0 Spellcasting
 + Level 2.9 Transmutations


You had 6 spell levels left.
You knew the following spells:

 Your Spells              Type           Power        Failure   Level
a - Beastly Appendage     Tmut           #.....       8%          1

Your spell library contained the following spells:

 Spells                   Type           Power        Failure   Level
 Wereblood                Tmut           #.......     12%         2
 Spider Form              Tmut/Pois      #.........   38%         3
 Ice Form                 Ice/Tmut       #.......     80%         4
 Blade Hands              Tmut           #.........   91%         5


Dungeon Overview and Level Annotations

Branches:
Dungeon (2/15)

Altars:
Ashenzari


Innate Abilities, Weirdness & Mutations

You cannot wear most types of armour.
You are very stealthy in the water. (Stealth+)
You are amphibious.
You can wear up to eight rings at the same time.
You can use your tentacles to constrict eight enemies at once.
Your skin changes colour to match your surroundings (Stealth+).
Your rubbery body absorbs attacks. (AC +1, EV +1)


Message History

You feel sick. The worker ant bites you.
You are too injured to fight recklessly!
You tentacle-slap the worker ant.
The worker ant is moderately wounded.
You constrict the worker ant, but do no damage.
The worker ant barely misses you.
You tentacle-slap the worker ant.
The worker ant is heavily wounded.
You constrict the worker ant, but do no damage.
You feel sick. The worker ant bites you!
* * * LOW HITPOINT WARNING * * *
You are more poisoned.
The worker ant poisons you!
It was a potion of degeneration.
There was something very wrong with that liquid.
You feel weakened.
You feel dopey.
You feel clumsy.
You constrict the worker ant.
* * * LOW HITPOINT WARNING * * *
You feel sick. The worker ant bites you.
You die...

######.#####
#<.........#
#..........# ..
#..........#.#.#
#..........#...#
#..........#..#
#............# .#
#..........#.#####...#
#..........#.#.@a..#
#...[....†.#.>.#####
#..........#..##
###########...# #..#.#
....##... ##### ......
........ ...###..


You could see a worker ant.

Vanquished Creatures
  2 orc wizards (D:2)
  A white imp (D:2)
  A worm (D:2)
  3 dart slugs
  An orc (D:2)
  A giant cockroach (D:1)
  5 goblins
  7 hobgoblins
  5 bats
  3 frilled lizards (D:2)
  9 kobolds
  3 rats (D:1)
41 creatures vanquished.

Notes
Turn   | Place    | Note
-------+----------+-------------------------------------------
     0 | D:1      | ringo67 the Octopode Transmuter began the quest for the
                  | Orb.
     0 | D:1      | Reached XP level 1. HP: 13/13 MP: 3/3
   435 | D:1      | Reached XP level 2. HP: 17/18 MP: 5/5
  1412 | D:1      | Reached XP level 3. HP: 23/23 MP: 6/6
  1943 | D:2      | Reached skill level 4 in Unarmed Combat
  1943 | D:2      | Reached XP level 4. HP: 26/29 MP: 7/7
  1949 | D:2      | HP: 1/29 [orc/+0 whip (3)]
  2608 | D:2      | HP: 1/29 [white imp (4)]
  3191 | D:2      | Found a broken altar of Ashenzari.
  3200 | D:2      | HP: 1/29 [poisoned by a worker ant]
  3200 | D:2      | Slain by a worker ant

Illustrated notes

Levels and vault maps discovered:
D:1:      minmay_arrival_plants_in_alcoves, layout_loops_corners
D:2:      layout_rooms, ashenzari_conservatory_becter, minivault_19,
          minmay_pentomino_p4

Skill      XL: |  1  2  3 |
---------------+----------+-----
Fighting       | 2 |  2.3
Unarmed Combat | 4 |  4.4
Dodging        | |  2.0
Spellcasting   | |  2.0
Transmutations | |  2.9

Action                   |  1- 3 |  4- 6 || total
-------------------------+-------+-------++-------
Melee: Unarmed           |    70 |    40 ||   110
       Constrict         |    19 |    11 ||    30
       Tentacles         |    13 |     9 ||    22
       Punch             |     1 |       ||     1
       Kick              |       |     1 ||     1
 Cast: Beastly Appendage |     1 |     1 ||     2
  Use: Potion            |       |     1 ||     1
 Stab: Sleeping          |     4 |     1 ||     5
       Distracted        |       |     1 ||     1
Armor: Skin              |     6 |       ||     6
Dodge: Dodged            |    37 |    22 ||    59

Table legend: (Time is in decaauts)
 A = Elapsed time spent in this place.
 B = Non-inter-level travel time spent in this place.
 C = Inter-level travel time spent in this place.
 D = Time resting spent in this place.
 E = Time spent auto-exploring this place.
 F = Levels seen in this place.
 G = Mean time per level.
                   A        B        C        D        E       F      G
               +--------+--------+--------+--------+--------+-----+--------+
         Total |   3195 |   3152 |     43 |   1849 |    905 |   2 | 1597.5 |
       Dungeon |   3195 |   3152 |     43 |   1849 |    905 |   2 | 1597.5 |
               +--------+--------+--------+--------+--------+-----+--------+

Top non-repeatable levels by time:
     D:1: 2547 daAuts
     D:2: 648 daAuts
